Map: [ESL] Data-C

Players

LiquidElazer (Elazer)

  • Race: Zerg Zerg
  • Spawn Location: 9:00

Solar - Winner!

  • Race: Zerg Zerg
  • League: Master
  • Spawn Location: 3:00

VOD

Have the link to the VOD?

Description

Time

  • Played on: Nov. 3, 2022, 1:48 p.m.
  • Length: 15:16
Show
View Real Time Build Order
Export as new Build Order

LiquidElazer Zerg 

Build Orders: Hatch First 

Get SALT Encoding   

  12  0:00  Drone  
  13  0:12  Overlord  
  13  0:17  Drone  
  14  0:30  Drone x2  
  16  0:47  Hatchery  
  15  0:51  Drone  
  15  0:54  Drone  
  17  0:57  Drone  
  18  1:09  Extractor  
  17  1:13  Spawning Pool  
  17  1:16  Drone  
  17  1:19  Drone  
  18  1:28  Drone  
  19  1:39  Drone  
  20  1:50  Drone  
  21  1:59  Queen  
  21  2:00  Queen  
  25  2:01  Zergling x2  
  25  2:02  Overlord  
  26  2:09  Metabolic Boost  
  26  2:10  Drone  
  26  2:11  Drone  
  28  2:21  Drone  
  28  2:22  Drone  
  30  2:34  Hatchery  
  30  2:36  Zergling x2  
  30  2:39  Drone  
  30  2:43  Baneling Nest  
  30  2:46  Drone  
  30  2:50  Overlord  
  31  2:54  Drone  
  32  2:58  Drone  
  33  3:08  Drone x3  
  33  3:10  Zergling x2  
  33  3:11  Zergling x4  
  39  3:15  Queen  
  39  3:18  Zergling x2  
  42  3:22  Overlord  
  42  3:27  Drone  
  43  3:28  Drone  
  44  3:41  Drone x8  
  51  3:45  Overlord  
  51  3:52  Drone  
  51  3:54  Drone, Roach Warren  
  52  4:00  Lair  
  52  4:03  Drone x2  
  52  4:04  Drone  
  52  4:08  Drone x2  
  57  4:12  Extractor  
  57  4:13  Drone x3  
  59  4:17  Drone x2  
  59  4:20  Overlord  
  59  4:23  Drone  
  59  4:24  Drone x2  
  63  4:28  Drone x2  
  63  4:31  Overlord  
  65  4:37  Extractor  
  64  4:39  Drone  
  64  4:42  Drone x2, Extractor  
  64  4:43  Drone x2  
  64  4:44  Drone  
  69  4:45  Overlord  
  69  4:46  Drone  
  69  4:50  Drone  
  69  4:52  Drone x2  
  73  4:56  Extractor  
  73  4:57  Zergling x12  
  73  4:58  Extractor  
  77  5:00  Zergling x4  
  77  5:06  Roach  
  80  5:07  Spine Crawler  
  80  5:11  Spine Crawler  
  80  5:12  Spine Crawler  
  80  5:14  Roach x2  
  81  5:17  Roach x4  
  89  5:22  Spine Crawler  
  89  5:24  Spine Crawler  
  89  5:26  Roach  
  86  5:31  Roach x4  
  86  5:37  Roach x2  
  88  5:45  Overlord  
  88  5:47  Spire  
  77  5:58  Glial Reconstitution, Queen  
  77  5:59  Queen  
  77  6:00  Overlord  
  80  6:05  Roach x2  
  80  6:11  Overlord  
  79  6:17  Roach x3  
  84  6:34  Roach  
  84  6:36  Queen  
  86  6:40  Roach x4, Hatchery  
  86  6:45  Drone  
  94  6:52  Ravager  
  94  6:59  Mutalisk x3  
  100  7:03  Mutalisk x2  
  100  7:08  Mutalisk x2  
  104  7:12  Overlord  
  104  7:13  Evolution Chamber  
  107  7:16  Drone  
  108  7:31  Mutalisk x3  
  108  7:35  Drone x2  
  116  7:38  Zerg Missile Weapons Level 1  
  116  7:43  Overlord x2  
  116  7:52  Drone x6  
  122  8:09  Queen, Drone  
  122  8:12  Drone x4  
  125  8:16  Drone x7, Extractor  
  125  8:17  Extractor  
  125  8:19  Drone  
  130  8:27  Overlord  
  129  8:33  Roach x2  
  133  8:37  Hatchery  
  133  8:40  Roach x3  
  138  8:49  Roach x4  
  146  8:58  Overlord x2  
  146  8:59  Overlord  
  146  9:12  Pneumatized Carapace  
  146  9:13  Overlord x2  
  146  9:15  Overlord  
  146  9:22  Roach x6  
  158  9:31  Drone x10  
  168  9:34  Ravager  
  168  9:35  Ravager x5  
  168  9:37  Roach  
  176  9:42  Roach x3  
  182  9:52  Roach x5  
  192  9:57  Zerg Missile Weapons Level 2  
  192  10:01  Evolution Chamber  
  192  10:02  Overlord  
  192  10:04  Infestation Pit  
  192  10:06  Ravager x2, Extractor  
  191  10:12  Ravager  
  192  10:14  Overseer  
  192  10:15  Overseer x2  
  176  10:31  Roach x14  
  177  10:39  Roach x5  
  164  10:44  Roach x3  
  164  10:48  Hive  
  161  10:57  Drone x3, Extractor  
  161  10:58  Drone x2  
  165  11:04  Zerg Ground Armor Level 1  
  165  11:14  Ravager x2  
  165  11:15  Ravager  
  165  11:18  Roach x8  
  184  11:20  Overlord x2  
  184  11:40  Hatchery  
  184  11:42  Roach x4  
  184  11:43  Roach x4  
  184  11:45  Ravager  
  198  11:59  Hydralisk Den  
  195  12:17  Viper x2  
  195  12:20  Viper  
  195  12:22  Zerg Missile Weapons Level 3  
  200  12:27  Overseer  
  200  12:49  Grooved Spines  
  200  12:51  Lurker Den  
  191  13:04  Hydralisk  
  191  13:05  Hydralisk x6  
  189  13:17  Spine Crawler  
  180  13:20  Hydralisk  
  180  13:21  Hydralisk x11  
  180  13:24  Spine Crawler  
  193  13:31  Roach x3  
  178  13:47  Roach  
  178  13:48  Roach x16  
  171  14:00  Muscular Augments  
  140  14:28  Roach  
  140  14:29  Roach x5  
  147  14:35  Roach x6  
  93  14:45  Roach x2  
  93  14:49  Ravager x6  
Show
View Real Time Build Order
Export as new Build Order

Solar Zerg - Winner!

Build Orders: Hatch First, Lurkers, Roach Hydra 

Get SALT Encoding   

  12  0:00  Drone  
  13  0:12  Overlord  
  13  0:17  Drone  
  14  0:31  Drone x2  
  16  0:48  Hatchery  
  15  0:52  Drone  
  15  0:54  Drone  
  17  0:58  Drone  
  18  1:09  Extractor  
  17  1:14  Spawning Pool  
  17  1:16  Drone  
  17  1:20  Drone  
  18  1:28  Drone  
  19  1:39  Drone  
  20  1:51  Drone  
  21  2:00  Queen x2  
  25  2:01  Zergling x2, Overlord  
  26  2:11  Drone x2  
  26  2:13  Metabolic Boost  
  28  2:22  Drone x2  
  30  2:34  Hatchery  
  30  2:36  Zergling x2  
  30  2:43  Queen  
  32  2:46  Drone  
  32  2:51  Baneling Nest  
  32  2:55  Overlord  
  32  3:00  Drone x2  
  32  3:03  Zergling x2  
  35  3:06  Drone  
  36  3:15  Drone x4  
  36  3:17  Zergling x2  
  36  3:19  Drone  
  42  3:26  Overlord  
  42  3:28  Drone  
  42  3:29  Zergling x2  
  42  3:31  Evolution Chamber  
  42  3:38  Baneling  
  42  3:39  Zergling x2  
  43  3:44  Extractor  
  43  3:45  Drone, Roach Warren  
  43  3:46  Drone  
  43  3:49  Drone  
  43  3:51  Drone  
  43  3:52  Drone  
  46  3:55  Overlord  
  46  3:58  Overlord  
  46  4:01  Drone  
  47  4:04  Overlord  
  47  4:07  Zergling x2  
  49  4:25  Roach x2  
  49  4:26  Roach x2  
  49  4:27  Roach  
  49  4:29  Roach x3  
  63  4:32  Roach  
  63  4:34  Roach  
  63  4:37  Roach  
  69  4:40  Zergling x2  
  70  4:47  Zergling x8  
  70  4:48  Zergling x2  
  70  4:51  Zergling x4  
  77  4:59  Baneling x2  
  77  5:00  Baneling x2  
  77  5:01  Zergling x2, Overlord  
  77  5:02  Zergling x2  
  77  5:04  Zergling x2  
  77  5:06  Zergling x2  
  81  5:08  Zergling x2  
  80  5:14  Zergling x2  
  80  5:18  Zergling x2  
  80  5:20  Zergling x4  
  83  5:24  Zergling x6  
  85  5:29  Zergling x4  
  85  5:31  Zergling x2, Baneling x2  
  85  5:32  Zergling x4  
  88  5:36  Zergling x4  
  88  5:41  Zergling x2  
  90  5:45  Zerg Missile Weapons Level 1  
  90  5:48  Drone x5  
  88  5:51  Drone  
  88  5:57  Lair  
  88  5:59  Drone x2  
  88  6:04  Overlord  
  89  6:06  Overlord  
  89  6:08  Drone  
  89  6:10  Drone  
  89  6:13  Drone  
  89  6:15  Drone  
  89  6:16  Drone, Extractor  
  90  6:21  Overlord  
  90  6:23  Drone x3  
  90  6:24  Drone  
  90  6:25  Drone  
  95  6:28  Drone  
  95  6:30  Drone  
  95  6:31  Drone x2  
  99  6:33  Extractor  
  99  6:35  Drone x2  
  99  6:38  Queen  
  102  6:43  Overlord  
  102  6:46  Roach x3  
  107  6:53  Drone, Extractor  
  107  6:55  Overseer  
  107  6:56  Glial Reconstitution  
  107  6:58  Drone x3  
  107  7:00  Overlord  
  110  7:03  Overlord  
  110  7:05  Roach x2, Extractor  
  110  7:07  Drone  
  114  7:12  Drone x4  
  117  7:16  Hydralisk Den  
  117  7:18  Overlord  
  116  7:24  Queen  
  116  7:25  Queen  
  116  7:26  Queen  
  116  7:28  Spore Crawler  
  116  7:29  Drone  
  122  7:33  Spore Crawler  
  122  7:34  Spore Crawler, Drone  
  122  7:36  Drone  
  122  7:38  Spore Crawler  
  122  7:39  Drone x2  
  122  7:43  Drone  
  124  7:45  Grooved Spines  
  124  7:50  Hydralisk x2  
  128  7:51  Overlord x2  
  128  7:56  Overlord x2  
  127  8:00  Lurker Den  
  127  8:03  Overlord  
  127  8:04  Overlord  
  126  8:05  Overlord  
  126  8:11  Hydralisk x2  
  127  8:16  Hydralisk x2  
  127  8:18  Hydralisk  
  127  8:23  Hydralisk x3  
  132  8:28  Roach  
  132  8:29  Spore Crawler  
  132  8:30  Roach  
  132  8:32  Overseer  
  135  8:34  Roach  
  135  8:38  Roach  
  135  8:39  Zerg Missile Weapons Level 2  
  139  8:43  Hydralisk  
  139  8:44  Hydralisk  
  143  8:53  Hydralisk x2  
  146  9:00  Extractor  
  146  9:01  Lurker x3  
  146  9:02  Lurker x3  
  151  9:06  Overlord x2  
  151  9:09  Infestation Pit, Overlord  
  150  9:11  Overlord  
  150  9:26  Hydralisk x2  
  150  9:27  Hatchery  
  154  9:37  Hydralisk x2  
  157  9:39  Muscular Augments  
  157  9:43  Drone  
  157  9:45  Hatchery, Overseer, Pneumatized Carapace  
  158  9:50  Hive  
  158  9:52  Drone x3  
  160  9:55  Drone  
  160  9:56  Drone x2  
  160  9:58  Hydralisk x2  
  167  10:01  Lurker  
  167  10:04  Overlord  
  168  10:07  Drone  
  169  10:20  Drone x4  
  169  10:21  Hydralisk x4  
  171  10:24  Extractor  
  171  10:26  Roach x2, Extractor  
  174  10:30  Roach x3  
  174  10:33  Roach x2  
  156  10:36  Roach  
  156  10:39  Roach x2  
  131  10:44  Roach x3  
  131  10:47  Lurker  
  136  10:50  Roach x2  
  136  10:54  Roach x2  
  144  11:04  Seismic Spines  
  144  11:05  Drone  
  144  11:08  Lurker  
  146  11:12  Roach x4  
  146  11:17  Drone x3  
  146  11:18  Hydralisk x2, Extractor  
  157  11:22  Overseer  
  157  11:23  Overlord  
  160  11:30  Zerg Ground Armor Level 1  
  162  11:33  Roach x4  
  162  11:36  Roach x2  
  172  11:41  Lurker  
  172  11:42  Roach x2  
  172  11:44  Roach  
  172  11:46  Drone  
  180  11:59  Hydralisk x3  
  180  12:01  Adaptive Talons  
  186  12:08  Hydralisk x4  
  184  12:12  Overlord x2  
  184  12:13  Overseer  
  192  12:20  Overlord  
  192  12:27  Overlord  
  192  12:32  Lurker x4  
  192  12:34  Hydralisk x2  
  192  12:36  Drone  
  196  12:58  Hydralisk x2  
  195  13:04  Hatchery  
  196  13:08  Hydralisk x2  
  198  13:15  Hydralisk x2  
  198  13:26  Extractor  
  191  13:29  Hydralisk x6  
  197  13:34  Roach x2  
  197  13:38  Roach x7  
  192  13:46  Roach x4  
  188  13:50  Roach x2  
  188  13:54  Roach x2  
  188  13:55  Roach  
  194  14:00  Viper  
  195  14:07  Roach x2  
  191  14:17  Roach x4  
  191  14:18  Roach  
  191  14:19  Roach x2  
  178  14:25  Roach  
  178  14:26  Roach x4  
  174  14:33  Roach x4  
  174  14:38  Roach x2  
  162  14:50  Hydralisk x2  
Tags
 
Add a new tag
Caveats
  • Supply blocks, unpowered buildings, or Contaminate may cause inaccurate times.
  • Supply counts are checked every 10 seconds.